[Event "Titled Tuesday Blitz October 25 Late 2022"]
[White "Ferreira, Vitor Hugo Vieira"]
[Black "Omariev, Maksim"]
[WhiteFideId "2119765"]
[BlackFideId "4193423"]
[WhiteElo "2168"]
[BlackElo "2413"]
[Result "1/2-1/2"]
[Round "09"]
[TimeControl "180+1"]
[Date "2022.10.26"]
[WhiteClock "0:00:12"]
[BlackClock "0:00:02"]

1. Nf3 d5 2. g3 c6 3. Bg2 Nf6 4. O-O Bf5 5. c4 e6 6. cxd5 exd5 7. d3 Be7 8. Nc3 O-O 9. Nd4 Bg6 10. e4 Re8 11. e5 Nfd7 12. f4 Bc5 13. Be3 f6 14. e6 f5 15. Re1 Nf8 16. Na4 Bxd4 17. Bxd4 Nxe6 18. Be5 Nd7 19. d4 Nb6 20. Nc3 Nc4 21. b3 Nd6 22. Kh1 Ne4 23. Nxe4 dxe4 24. Qd2 Nc7 25. Red1 Bh5 26. Re1 Nd5 27. Rac1 a5 28. a4 Qd7 29. Rc5 b6 30. Rc4 Re6 31. Rec1 Rh6 32. Qc2 Rc8 33. Qd2 Bg4 34. Kg1 Qe8 35. Bf1 Bf3 36. Be2 Qh5 37. Bxf3 Qxf3 38. Rf1 Qxb3 39. Rcc1 Qxa4 40. Kh1 Qb4 41. Qa2 Qb5 42. Rb1 Qa6 43. Rfc1 Kh8 44. h4 b5 45. Rc5 b4 46. Rbc1 Rd8 47. Rxa5 Qd3 48. Ra8 Qf3+ 49. Kh2 Rg8 50. Rxg8+ Kxg8 51. Qa8+ Kf7 52. Qb7+ Ne7 53. Qxb4 Rg6 54. Qe1 Nd5 55. Rxc6 Rxc6 56. h5 Rc2+ 57. Kh3 Qg2+ 58. Kh4 Qh2+ 59. Kg5 h6+ 60. Kxf5 Qh3+ 61. Kxe4 Nc3+ 62. Kd3 Qf5+ 63. Ke3 Nd5+ 64. Kf3 Rc3+ 65. Kg2 Qc2+ 66. Kh3 Qf5+ 67. Kg2 Ne3+ 68. Kf3 Nd5+ 69. Kg2 1/2-1/2


[Site "https://www.chess.com"]

[Event "Titled Tuesday Blitz October 25 Late 2022"]
[White "Firouzja, Alireza"]
[Black "Jobava, Baadur"]
[WhiteFideId "12573981"]
[BlackFideId "13601520"]
[WhiteElo "2903"]
[BlackElo "2582"]
[Result "1-0"]
[Round "09"]
[TimeControl "180+1"]
[Date "2022.10.26"]
[WhiteClock "0:00:06"]
[BlackClock "0:00:01"]

1. d4 d5 2. c4 c6 3. Nf3 Nf6 4. e3 Bf5 5. Nc3 e6 6. Nh4 Bg6 7. Nxg6 hxg6 8. Qb3 Qb6 9. g3 Nbd7 10. Bg2 g5 11. Bd2 g4 12. O-O-O Qxb3 13. axb3 Nb6 14. c5 Nbd7 15. Kc2 a6 16. b4 g6 17. Kd3 Bg7 18. h4 e5 19. Ra1 O-O 20. Rhe1 Rfe8 21. Re2 Nf8 22. Rae1 Ne6 23. dxe5 Nd7 24. Kc2 Nxe5 25. Na4 Rad8 26. Bc3 Nf3 27. Bxf3 gxf3 28. Rd2 g5 29. Rh1 g4 30. Rhd1 f5 31. Bxg7 Nxg7 32. Nc3 Nh5 33. Rd4 Nf6 34. Rf4 Re5 35. Kb3 Kf7 36. Ka4 Ke6 37. Ka5 Rd7 38. Kb6 Rh7 39. Rfd4 Re7 40. Ka5 Kd7 41. b3 Kc7 42. Ka4 Ne8 43. Ka3 Ng7 44. Na4 Ne6 45. R4d2 Re4 46. Nc3 Re5 47. Rh1 Rh7 48. Na4 Ng7 49. Nb2 Nh5 50. Rhd1 Re4 51. Na4 Nxg3 52. fxg3 Rxe3 53. Rd4 f2 54. Rf4 Rxg3 55. Rxf2 Rxh4 56. Rxf5 Rhh3 57. Rf7+ Kb8 58. Rb1 Rf3 59. Rg7 g3 60. Rg8+ Kc7 61. Nb6 Rf7 62. Rc8# 1-0


[Site "https://www.chess.com"]

[Event "Titled Tuesday Blitz October 25 Late 2022"]
[White "Gogolev, Artem"]
[Black "Jaferian, Koosha"]
[WhiteFideId "4116615"]
[BlackFideId "12507440"]
[WhiteElo "2178"]
[BlackElo "2127"]
[Result "0-1"]
[Round "09"]
[TimeControl "180+1"]
[Date "2022.10.26"]
[WhiteClock "0:00:07"]
[BlackClock "0:00:46"]

1. e4 c6 2. d4 d5 3. e5 Bf5 4. h4 h5 5. Bd3 Bxd3 6. Qxd3 Qa5+ 7. Nd2 e6 8. Nf3 Ne7 9. O-O Nf5 10. c4 Be7 11. g3 Nd7 12. b3 O-O 13. a4 Qd8 14. Ba3 Bxa3 15. Rxa3 Qe7 16. Ra2 Rfd8 17. b4 dxc4 18. Nxc4 Qxb4 19. Rb1 Qe7 20. Qe4 Nf8 21. Rab2 b6 22. Qxc6 Rac8 23. Qb5 Nxd4 24. Nxd4 Rxd4 25. Nd6 Rc5 26. Qe2 Ng6 27. Nb5 Rxe5 28. Nxd4 Rxe2 29. Nxe2 Ne5 30. Nf4 Qb7 31. Ng2 Nf3+ 32. Kh1 Qe4 33. a5 bxa5 34. Ra1 a4 35. Rba2 Qc6 36. Ra3 g6 37. R1a2 Ne1 38. f4 Nxg2 39. Rxg2 Qc1+ 0-1


[Site "https://www.chess.com"]

[Event "Titled Tuesday Blitz October 25 Late 2022"]
[White "Goncalves, Davi Sulzbacher"]
[Black "Iliaguev, Nisim"]
[WhiteFideId "2154510"]
[BlackFideId "2817276"]
[WhiteElo "2182"]
[BlackElo "2264"]
[Result "1-0"]
[Round "09"]
[TimeControl "180+1"]
[Date "2022.10.26"]
[WhiteClock "0:00:04"]
[BlackClock "0:00:08"]

1. Nf3 g6 2. g3 Bg7 3. Bg2 c5 4. O-O Nc6 5. e4 e6 6. Re1 Nge7 7. c3 O-O 8. d4 d5 9. e5 cxd4 10. cxd4 Nf5 11. Nc3 Bd7 12. Ne2 Rc8 13. Bg5 Qb6 14. g4 Nfe7 15. Qd2 f6 16. exf6 Bxf6 17. Rac1 Rf7 18. Bxf6 Rxf6 19. h4 Rcf8 20. Qe3 a5 21. b3 Nc8 22. h5 N8e7 23. h6 Nc8 24. Ne5 Qd8 25. f4 Nd6 26. Nxc6 Bxc6 27. g5 R6f7 28. Bh3 Nf5 29. Qxe6 Re8 30. Bxf5 gxf5 31. Rxc6 Rxe6 32. Rxe6 Re7 33. Re5 Rxe5 34. dxe5 d4 35. Ng3 Qd7 36. Kf2 d3 37. Ke3 d2 38. Rd1 Qc6 39. Rxd2 Qc3+ 40. Rd3 Qc1+ 41. Kd4 Kf7 42. Nxf5 Ke6 43. Ng7+ Ke7 44. Nf5+ Ke6 45. Ne3 Qa1+ 46. Rc3 b5 47. f5+ Kd7 48. Kd3 b4 49. Rc4 Qxa2 50. Rd4+ Kc6 51. Kc4 Qe2+ 52. Rd3 Qf3 53. Rd6+ Kc7 54. Nd5+ Kc8 55. Nb6+ Kc7 56. Nd5+ Kc8 57. e6 Qxf5 58. e7 Qe4+ 59. Kc5 Qc2+ 60. Kb6 Qf2+ 61. Kc6 Qc2+ 62. Kb6 Qf2+ 63. Kxa5 Qc5+ 64. Ka4 Qa7+ 65. Kxb4 Qb7+ 66. Nb6+ Kc7 67. Rd7+ Kxb6 68. Rxb7+ Ka6 69. Rc7 Kb6 70. Rd7 Kc6 71. e8=Q Kb6 72. Qe6# 1-0


[Site "https://www.chess.com"]

[Event "Titled Tuesday Blitz October 25 Late 2022"]
[White "Gonzalez, Francisco Silva"]
[Black "Senthil Maran K"]
[WhiteFideId "1512285"]
[BlackFideId "25035681"]
[WhiteElo "2159"]
[BlackElo "2109"]
[Result "0-1"]
[Round "09"]
[TimeControl "180+1"]
[Date "2022.10.26"]
[WhiteClock "0:00:15"]
[BlackClock "0:01:03"]

1. d4 Nf6 2. c4 c6 3. Nc3 d5 4. e3 e6 5. Nf3 Nbd7 6. Bd3 dxc4 7. Bxc4 b5 8. Be2 a6 9. e4 c5 10. e5 cxd4 11. Qxd4 Bc5 12. Qf4 Nd5 13. Qg3 Nxc3 14. bxc3 g6 15. O-O O-O 16. Rd1 Qc7 17. Bh6 Re8 18. Bf4 Bb7 19. a4 bxa4 20. Rxa4 Nb6 21. Raa1 Nd5 22. Bd2 a5 23. Rdc1 a4 24. h4 Ne7 25. Nd4 Nf5 26. Nxf5 exf5 27. h5 Qxe5 28. Qxe5 Rxe5 29. Bc4 a3 30. hxg6 hxg6 31. Kf1 Ba6 32. Bxa6 Rxa6 33. c4 Rae6 34. Be3 Bxe3 35. fxe3 Rxe3 36. Rc2 Rc6 37. c5 Re5 38. Rxa3 Rexc5 39. Re2 Rc1+ 40. Re1 R1c2 41. Re8+ Kg7 42. Re7 Rc7 43. Ra7 Rxa7 44. Rxa7 g5 45. Ra6 f6 46. Ra8 Kg6 47. Rh8 f4 48. Ra8 Kf5 49. Ra5+ Kg4 50. Ra3 Rc1+ 51. Kf2 Rc2+ 52. Kg1 f5 53. Kh1 Re2 54. Kg1 Re3 55. Ra8 Kg3 56. Kf1 f3 57. gxf3 Rxf3+ 58. Ke1 g4 59. Ra5 f4 60. Ra8 Kg2 61. Ra2+ Kg1 62. Ra8 g3 63. Ke2 Re3+ 64. Kd2 Re7 65. Ra1+ Kg2 66. Ra2 f3 67. Kd3+ f2 68. Rc2 Kg1 69. Kd4 f1=Q 70. Rg2+ Qxg2 71. Kc5 Qd2 72. Kc6 Re3 0-1


[Site "https://www.chess.com"]

[Event "Titled Tuesday Blitz October 25 Late 2022"]
[White "Goroshkov, Maksym"]
[Black "Gireman, Ja"]
[WhiteFideId "14142716"]
[BlackFideId "5043794"]
[WhiteElo "2257"]
[BlackElo "2153"]
[Result "1/2-1/2"]
[Round "09"]
[TimeControl "180+1"]
[Date "2022.10.26"]
[WhiteClock "0:00:09"]
[BlackClock "0:00:15"]

1. e4 e6 2. d4 d5 3. exd5 exd5 4. c4 Nf6 5. Nc3 Bb4 6. Nf3 O-O 7. Be2 dxc4 8. Bxc4 Re8+ 9. Be3 Nd5 10. O-O Bxc3 11. bxc3 Be6 12. Bxd5 Bxd5 13. Ne5 Nd7 14. Nd3 Nb6 15. Re1 Qf6 16. Nf4 Be4 17. Qb3 a5 18. c4 a4 19. Qb4 Qg5 20. d5 Nd7 21. Kh1 Ne5 22. h3 Nd3 23. Qd2 Nxf4 24. f3 Qxg2+ 25. Qxg2 Nxg2 26. Kxg2 Bd3 27. c5 a3 28. Bf4 Red8 29. d6 cxd6 30. cxd6 Bc4 31. Re7 b5 32. Rb7 Rab8 33. Ra7 Ra8 34. Rb7 Rdb8 35. Rc7 Rd8 36. Kg3 f6 37. h4 Rac8 38. Ra7 b4 39. Rb7 Rb8 40. Rc7 Bf7 41. d7 Be6 42. Rd1 b3 43. axb3 Bxb3 44. Ra1 Be6 45. Ra7 Ra8 46. Rxa8 Rxa8 47. Bd6 Bxd7 48. Rxa3 Rd8 49. Ra7 Bc6 50. Bf4 Rd3 51. Bc7 Bxf3 52. Kh2 h5 53. Bg3 Bg4 54. Bf2 Rh3+ 55. Kg1 Rd3 56. Ra2 Kh7 57. Kg2 Kg6 58. Rb2 Rd5 59. Rb4 Re5 60. Rb2 Re6 61. Ra2 Re4 62. Rb2 f5 63. Ra2 f4 64. Ra6+ Kf5 65. Ra5+ Re5 66. Ra2 Be2 67. Ra3 Kg4 68. Ra2 Bc4 69. Rb2 Re2 70. Rxe2 Bxe2 71. Kg1 Bf3 72. Be1 Bd5 73. Bf2 g6 74. Be1 Kf3 75. Bf2 Kg4 76. Be1 g5 77. hxg5 Kxg5 78. Bf2 Kg4 79. Kh2 Kf3 80. Bh4 Ke2 81. Kg1 f3 82. Bf2 Be4 83. Bh4 Bf5 84. Bf2 Bh3 85. Bh4 Bg2 86. Bf2 Kd3 87. Bh4 Ke4 88. Bf2 Kf4 89. Kh2 Kg4 90. Be1 Bf1 91. Bf2 h4 92. Kg1 h3 93. Kh2 Kf4 94. Kg1 Ke4 95. Bg3 Bg2 96. Kf2 Kd3 97. Bh2 Kd2 98. Bg1 Kd3 99. Bh2 Kd2 100. Bg1 Kd3 101. Bh2 1/2-1/2


[Site "https://www.chess.com"]

[Event "Titled Tuesday Blitz October 25 Late 2022"]
[White "Goryachkina, Aleksandra"]
[Black "Ibarra Jerez, Jose Carlos"]
[WhiteFideId "4147103"]
[BlackFideId "2226332"]
[WhiteElo "2484"]
[BlackElo "2627"]
[Result "0-1"]
[Round "09"]
[TimeControl "180+1"]
[Date "2022.10.26"]
[WhiteClock "0:00:02"]
[BlackClock "0:00:03"]

1. e4 c5 2. Nf3 Nc6 3. Bb5 e6 4. Bxc6 bxc6 5. b3 e5 6. Nxe5 Qe7 7. Bb2 d6 8. Nf3 Qxe4+ 9. Qe2 Qxe2+ 10. Kxe2 f6 11. d3 Ne7 12. Nbd2 Nd5 13. Rhe1 Be6 14. Kf1 Kd7 15. Nc4 Nb4 16. Rac1 d5 17. Ne3 Nxa2 18. Ra1 Nb4 19. Re2 Bd6 20. Ne1 d4 21. Nc4 Bc7 22. h3 Nd5 23. Nf3 Nf4 24. Ree1 Bd5 25. Ncd2 Rhe8 26. Rxe8 Kxe8 27. Ra6 Kd7 28. Ba3 Ne6 29. Ke2 Kc8 30. g3 Kb7 31. Ra4 Re8 32. Kf1 g5 33. Ne1 h5 34. Nc4 h4 35. gxh4 gxh4 36. b4 cxb4 37. Bxb4 c5 38. Bd2 Nf4 39. Bxf4 Bxf4 40. Na5+ Kb8 41. Nb3 Bd6 42. Ra5 Rc8 43. Nd2 Kb7 44. Nc4 Bf4 45. Ng2 Bxc4 46. dxc4 Bc7 47. Ra3 a5 48. Ne1 Kc6 49. Nd3 Rb8 50. Ra1 Ra8 51. Ra4 Bb6 52. Ke2 Rg8 53. Ra1 Kd6 54. Kf3 f5 55. Rb1 Bc7 56. Ra1 Kc6 57. Ra2 Re8 58. Ra1 Rb8 59. Ke2 Re8+ 60. Kf3 Ra8 61. Ra4 Rb8 62. Ra1 Bb6 63. Ke2 Re8+ 64. Kf3 Re7 65. Kg2 Bc7 66. Kf3 Bb6 67. Ra2 Re8 68. Ra1 Kb7 69. Ra2 Ka6 70. Ra1 Ba7 71. Ra2 Rb8 72. Ra1 Rb7 73. Ke2 Re7+ 74. Kf3 Bb6 75. Ra2 Re8 76. Ra1 Rh8 77. Ra2 Kb7 78. Ra1 Kc6 79. Ra2 Bc7 80. Ra1 Rg8 81. Nb2 d3 82. Nxd3 Rd8 83. Ra2 Rd4 84. Ra4 Re4 85. Nb2 Re1 86. Nd3 Rb1 87. Ra2 Bb6 88. Ke2 Bc7 89. Kf3 Bb6 90. Ke2 Rh1 91. Ne1 Rxh3 92. Ra1 Rc3 93. Nd3 Rxc2+ 94. Kf3 Kb7 95. Kf4 Rxc4+ 96. Kxf5 Rc3 97. Ne5 Ka7 98. f4 h3 99. Ke6 h2 100. f5 Bc7 101. Nc6+ Kb7 102. Ne7 Re3+ 103. Kd7 Rd3+ 104. Ke6 Re3+ 105. Kd7 Be5 106. Nc6 Bxa1 0-1


[Site "https://www.chess.com"]

[Event "Titled Tuesday Blitz October 25 Late 2022"]
[White "Graif, William"]
[Black "Luxama, Jacques Muller"]
[WhiteFideId "2609835"]
[BlackFideId "11900113"]
[WhiteElo "2205"]
[BlackElo "1931"]
[Result "1-0"]
[Round "09"]
[TimeControl "180+1"]
[Date "2022.10.26"]
[WhiteClock "0:00:11"]
[BlackClock "0:00:02"]

1. d4 Nf6 2. Nc3 d5 3. e4 dxe4 4. Bg5 Bf5 5. f3 exf3 6. Qxf3 Qc8 7. Bc4 e6 8. Bxf6 gxf6 9. g4 Bxc2 10. d5 Be7 11. dxe6 O-O 12. exf7+ Kh8 13. Qe2 Nc6 14. Qxc2 Qxg4 15. Qe4 Qh5 16. Be2 Qh6 17. Nf3 Rxf7 18. Qh4 Qe3 19. Qe4 Qh6 20. O-O Rg8+ 21. Kh1 Rfg7 22. Rg1 Qh3 23. Rxg7 Rxg7 24. Rg1 Rxg1+ 25. Nxg1 Qh6 26. Bd3 Bd6 27. Qg2 Ne5 28. Be4 Ng4 29. Nf3 1-0


[Site "https://www.chess.com"]

[Event "Titled Tuesday Blitz October 25 Late 2022"]
[White "Gritsenko, Nikolai"]
[Black "Papp, Petra"]
[WhiteFideId "14112493"]
[BlackFideId "739049"]
[WhiteElo "2389"]
[BlackElo "2259"]
[Result "1-0"]
[Round "09"]
[TimeControl "180+1"]
[Date "2022.10.26"]
[WhiteClock "0:00:13"]
[BlackClock "0:00:10"]

1. b3 Nf6 2. Bb2 g6 3. Bxf6 exf6 4. c4 Bg7 5. Nc3 O-O 6. g3 d6 7. e3 f5 8. Nge2 Nd7 9. Bg2 Re8 10. Qc2 Nf6 11. d4 c6 12. O-O Qe7 13. b4 Ne4 14. b5 Bd7 15. bxc6 bxc6 16. Rab1 g5 17. Rb7 Qe6 18. Nxe4 fxe4 19. Bxe4 Bc8 20. Bxh7+ Kh8 21. Rc7 Qh6 22. Bf5 Be6 23. Rb1 Qh5 24. Rbb7 c5 25. d5 Bc8 26. Bxc8 Raxc8 27. Rxf7 Rg8 28. Qf5 Rce8 29. g4 Qh6 30. Ng3 Ref8 31. Kg2 Rxf7 32. Rxf7 Rf8 33. Rxf8+ Bxf8 34. Qf7 Qg7 35. Qxg7+ Bxg7 36. Nf5 Be5 37. h4 gxh4 38. f4 Bb2 39. Nxd6 Kg7 40. Nf5+ Kf6 41. Kh3 a5 42. a4 Bc3 43. Kxh4 Bd2 44. Kg3 Kf7 45. Kf3 Bc1 46. e4 Ke8 47. e5 Kd7 48. Ke4 Bd2 49. g5 Ke8 50. g6 Be1 51. d6 Bf2 52. Kd5 Bd4 53. Ke6 Bc3 54. g7 1-0


[Site "https://www.chess.com"]

[Event "Titled Tuesday Blitz October 25 Late 2022"]
[White "Hambleton, Aman"]
[Black "Barbero Sendic, Alejandro"]
[WhiteFideId "2606577"]
[BlackFideId "3001288"]
[WhiteElo "2538"]
[BlackElo "2314"]
[Result "1/2-1/2"]
[Round "09"]
[TimeControl "180+1"]
[Date "2022.10.26"]
[WhiteClock "0:00:09"]
[BlackClock "0:00:16"]

1. d4 d5 2. Bf4 e6 3. e3 Bd6 4. Nf3 Nf6 5. Nbd2 O-O 6. Bd3 b6 7. Qe2 c5 8. c3 cxd4 9. Bxd6 Qxd6 10. exd4 a5 11. O-O Ba6 12. Bxa6 Nxa6 13. Ne5 Nb8 14. Rfe1 Nbd7 15. a4 Rac8 16. Qb5 Qc7 17. h3 Nxe5 18. Rxe5 Ne8 19. Qd3 Nd6 20. Re2 Qc6 21. Nf3 Nc4 22. Ne5 Nxe5 23. Rxe5 Rb8 24. f4 b5 25. axb5 Rxb5 26. Ra2 g6 27. Re2 Rfb8 28. Kf2 R8b6 29. g4 Qb7 30. Qd2 Qc7 31. Qc1 Qc4 32. Qa1 Qc7 33. Rxa5 Qxf4+ 34. Kg2 Kg7 35. Rxb5 Rxb5 36. Qf1 Qg5 37. Rf2 Rb7 38. Qd3 h5 39. Qg3 hxg4 40. Qxg4 Qe3 41. h4 Qc1 42. Qf3 Kg8 43. Qe2 Kg7 44. Kg3 Kg8 45. Kh3 Qh1+ 46. Kg3 Qg1+ 47. Rg2 Qc1 48. Kh2 Qh6 49. Qg4 Kh7 50. Kg3 Rb8 51. Qf4 Rh8 52. Qxh6+ Kxh6 53. b4 Rc8 54. Rc2 Kg7 55. Kf4 Kf8 56. Ke3 Ke7 57. Kd3 Kd6 58. Rh2 Rb8 59. h5 gxh5 60. Rxh5 Ra8 61. Rh7 Ke7 62. Rh1 f5 63. Rh7+ Kd6 64. Kc2 Ra2+ 65. Kb3 Ra1 66. Rf7 Rf1 67. Kc2 f4 68. b5 f3 69. b6 Rh1 70. b7 Rh8 71. Rxf3 Rb8 72. Rf7 Kc6 73. Re7 Kd6 74. Rh7 Kc6 75. Kd3 Rxb7 76. Rxb7 Kxb7 77. Ke3 Kc7 78. Kf4 Kd6 79. Kg5 Ke7 80. Kg6 Kd7 81. Kf7 Kd6 82. Kf6 Kd7 83. Kf7 Kd6 84. Kg6 e5 85. Kf5 exd4 86. cxd4 Kd7 87. Ke5 Ke7 88. Kf5 Kf7 89. Kg5 Kg7 90. Kf5 Kf7 91. Ke5 Ke7 92. Kxd5 Kd7 93. Kc5 Kc7 94. Kd5 Kd7 95. Ke4 Ke6 96. Kd3 Kd5 97. Kc3 Kd6 98. Kd3 Kd5 99. Ke3 Kd6 100. Ke4 Ke6 101. d5+ Kd6 102. Kd4 Kd7 103. Kc4 Kd6 104. Kd4 Kd7 105. Ke5 Ke7 106. d6+ Kd7 107. Kd5 Kd8 108. Ke5 Kd7 109. Kd5 Kd8 110. Kd4 Kd7 111. Kc5 Kd8 112. Kc6 Kc8 113. Kc5 Kd7 114. Kd5 1/2-1/2


[Site "https://www.chess.com"]

[Event "Titled Tuesday Blitz October 25 Late 2022"]
[White "Harvey, Marcus R"]
[Black "Winterberg, Lukas"]
[WhiteFideId "400092"]
[BlackFideId "24622702"]
[WhiteElo "2457"]
[BlackElo "2349"]
[Result "0-1"]
[Round "09"]
[TimeControl "180+1"]
[Date "2022.10.26"]
[WhiteClock "0:00:07"]
[BlackClock "0:00:23"]

1. d4 Nf6 2. Bf4 d5 3. e3 c5 4. Nc3 cxd4 5. exd4 a6 6. Nf3 Nc6 7. a3 Bf5 8. h3 e6 9. Bd3 Bxd3 10. Qxd3 Bd6 11. Bd2 O-O 12. O-O Re8 13. Rfe1 h6 14. Ne5 Rc8 15. f4 Nxd4 16. Kh2 Nxc2 17. Qxc2 d4 18. Rad1 dxc3 19. Bxc3 Qb6 20. Qd3 Nd5 21. Bd4 Qc7 22. g3 Qc2+ 23. Re2 Qxd3 24. Nxd3 Rc4 25. Be5 Bf8 26. b3 Rc6 27. b4 Rec8 28. Rdd2 f6 29. Bb2 Kf7 30. Nf2 Nc3 31. Bxc3 Rxc3 32. Rd7+ Be7 33. Ne4 R3c7 34. Nd6+ Kf8 35. Nxc8 Rxd7 36. Rxe6 Rd2+ 37. Kh1 Bd8 38. Nd6 Be7 39. Nxb7 Rd3 40. Rxa6 Rxg3 41. Kh2 Rb3 42. Nc5 Rc3 43. Ne6+ Kf7 44. f5 g5 45. Ra7 h5 46. Nd8+ Ke8 47. Ne6 Bd6+ 48. Kg2 g4 49. hxg4 h4 50. Ra8+ Kd7 51. Rh8 Rg3+ 52. Kf2 Rxg4 53. Rh7+ Kc6 54. Rh6 Be5 55. Nd8+ Kb5 56. Nf7 Bd4+ 57. Kf3 Rg3+ 58. Ke4 Rg4+ 59. Kf3 Rg3+ 60. Ke4 Bb2 61. Nd6+ Kc6 62. Nc4 Rg4+ 63. Kf3 Rxc4 0-1


[Site "https://www.chess.com"]

[Event "Titled Tuesday Blitz October 25 Late 2022"]
[White "Haszon, David"]
[Black "Zochowski, Kacper"]
[WhiteFideId "733610"]
[BlackFideId "1125494"]
[WhiteElo "2211"]
[BlackElo "2292"]
[Result "1-0"]
[Round "09"]
[TimeControl "180+1"]
[Date "2022.10.26"]
[WhiteClock "0:00:13"]
[BlackClock "0:00:05"]

1. d4 d6 2. Nc3 Nd7 3. e4 e5 4. Nf3 Ngf6 5. Bc4 Be7 6. O-O O-O 7. h3 c6 8. a4 a5 9. Be3 exd4 10. Nxd4 Nc5 11. Qf3 Re8 12. Rad1 Qb6 13. Nb3 Qb4 14. Bxc5 dxc5 15. Bxf7+ Kxf7 16. e5 Be6 17. exf6 Bxf6 18. Ne4 Kg6 19. Qg3+ Kh6 20. Qf4+ Kg6 21. Nbxc5 Bd5 22. Qg3+ Kh6 23. Nxf6 gxf6 24. Nd7 Qxb2 25. Qh4+ Kg7 26. Rd4 Re6 27. c4 Bxc4 28. Rxc4 Rd8 29. Nc5 Re7 30. Rg4+ Kh8 31. Rf4 Rf8 32. Ne4 Ref7 33. Re1 Qb4 34. Re3 Qb1+ 35. Kh2 Qa1 36. Ref3 Qe5 37. g3 f5 38. Ng5 Rg7 39. Qh5 Qd5 40. h4 Qe5 41. Re3 Qd5 42. Qf3 Qa2 43. Rxf5 Rgg8 44. Rxf8 1-0


[Site "https://www.chess.com"]

[Event "Titled Tuesday Blitz October 25 Late 2022"]
[White "Hoffmann, Asa"]
[Black "Weisz, Bryan"]
[WhiteFideId "2001470"]
[BlackFideId "30934133"]
[WhiteElo "2117"]
[BlackElo "2268"]
[Result "1-0"]
[Round "09"]
[TimeControl "180+1"]
[Date "2022.10.26"]
[WhiteClock "0:00:47"]
[BlackClock "0:00:10"]

1. d4 Nf6 2. Bg5 Nd5 3. e4 Nb6 4. c4 d6 5. Nc3 Nc6 6. d5 Ne5 7. f4 Ng4 8. Be2 Ne3 9. Qb3 h6 10. Kf2 hxg5 11. Kxe3 gxf4+ 12. Kf2 g5 13. Nf3 e5 14. dxe6 Bxe6 15. h4 g4 16. Ng5 Be7 17. Nxe6 Bxh4+ 18. Kf1 fxe6 19. c5 Qf6 20. cxb6 f3 21. gxf3 axb6 22. Nb5 O-O-O 23. Rc1 c6 24. Qa3 Kd7 25. Qxd6+ Ke8 26. Nc7+ Kf7 27. e5 Qf4 28. Qxe6+ Kg7 29. Qxg4+ Qxg4 30. fxg4 Rdf8+ 31. Kg1 Rf2 32. Rxh4 Rxe2 33. Rxh8 1-0


[Site "https://www.chess.com"]

[Event "Titled Tuesday Blitz October 25 Late 2022"]
[White "Holt, Conrad"]
[Black "Shipov, Sergei"]
[WhiteFideId "2034387"]
[BlackFideId "4113624"]
[WhiteElo "2592"]
[BlackElo "2769"]
[Result "1-0"]
[Round "09"]
[TimeControl "180+1"]
[Date "2022.10.26"]
[WhiteClock "0:01:24"]
[BlackClock "0:00:10"]

1. d4 d5 2. c4 dxc4 3. e3 e6 4. Bxc4 c5 5. Nf3 Nc6 6. O-O Nf6 7. Qe2 a6 8. Rd1 b5 9. d5 exd5 10. Bxd5 Nxd5 11. Nc3 Be6 12. e4 Nxc3 13. Rxd8+ Rxd8 14. bxc3 Be7 15. Bg5 f6 16. Be3 O-O 17. h3 Rfe8 18. a4 Bc4 19. Qc2 Bf8 20. axb5 axb5 21. Ra6 Re6 22. Nd2 Bd3 23. Qb3 c4 24. Qxb5 Rc8 25. Qd5 Kf7 26. Qd7+ 1-0


[Site "https://www.chess.com"]

[Event "Titled Tuesday Blitz October 25 Late 2022"]
[White "Howell, David W L"]
[Black "Yoo, Christopher Woojin"]
[WhiteFideId "410608"]
[BlackFideId "30909694"]
[WhiteElo "2567"]
[BlackElo "2463"]
[Result "1-0"]
[Round "09"]
[TimeControl "180+1"]
[Date "2022.10.26"]
[WhiteClock "0:00:06"]
[BlackClock "0:00:01"]

1. e4 c6 2. Nf3 d5 3. d3 Bg4 4. h3 Bh5 5. Qe2 Nd7 6. g3 Bxf3 7. Qxf3 e6 8. Bg2 g6 9. O-O Bg7 10. Qe2 Ne7 11. c3 O-O 12. Nd2 c5 13. exd5 exd5 14. Re1 Re8 15. Nf1 Ne5 16. Bf4 N7c6 17. Ne3 d4 18. Nd5 g5 19. Bxe5 Rxe5 20. Qf3 Qd6 21. Rxe5 Qxe5 22. c4 Re8 23. Kf1 h6 24. a3 Qd6 25. Re1 Rxe1+ 26. Kxe1 Ne5 27. Qf5 Qe6 28. Kd2 Qxf5 29. Ne7+ Kf8 30. Nxf5 b6 31. Nd6 Nd7 32. Nc8 a5 33. Bc6 Ne5 34. Be4 g4 35. hxg4 Nxg4 36. Ke2 h5 37. Bf3 Bh6 38. Nxb6 Bc1 39. Bxg4 hxg4 40. Na4 Ke7 41. Kd1 Bg5 42. Nxc5 f5 43. b4 axb4 44. axb4 Kd6 45. Nb3 Ke5 46. Na5 Kd6 47. Ke2 Be7 48. Nb3 Bf6 49. Kd2 Be5 50. Kc2 Kc6 51. Nc1 Bd6 52. Kb3 Be7 53. Ne2 Bf6 54. Nf4 Be5 55. Ka4 Kb6 56. c5+ Kc6 57. Ka5 Bf6 58. Ka6 Be5 59. Ng6 Bf6 60. Ka5 Bd8+ 61. Ka4 Bf6 62. Kb3 Kb5 63. Nf4 Be5 64. Ne6 Bf6 65. Nf4 Be5 66. Ng2 Bf6 67. Ne1 Be5 68. Nc2 f4 69. gxf4 Bf6 70. Na3+ Kc6 71. Kc4 Bh4 72. Kxd4 Bxf2+ 73. Ke4 Be1 74. Nc2 Bc3 75. d4 g3 76. d5+ Kb5 77. Kf3 Kc4 78. Kxg3 Kxd5 79. Kf3 Bd2 80. Kg4 Ke4 81. f5 Ke5 82. b5 Kd5 83. c6 Ba5 84. f6 Ke6 85. Kg5 Bd8 86. Kg6 Kd6 87. f7 Be7 88. Kg7 Kc5 89. c7 1-0


[Site "https://www.chess.com"]

[Event "Titled Tuesday Blitz October 25 Late 2022"]
[White "Ibadov, Dashgyn"]
[Black "Djordjevic, Dejan N"]
[WhiteFideId "24107514"]
[BlackFideId "913316"]
[WhiteElo "2208"]
[BlackElo "2262"]
[Result "0-1"]
[Round "09"]
[TimeControl "180+1"]
[Date "2022.10.26"]
[WhiteClock "0:00:01"]
[BlackClock "0:00:06"]

1. d4 Nf6 2. c4 g6 3. Nc3 d6 4. e4 Bg7 5. Nf3 O-O 6. Be2 Nc6 7. d5 Nb8 8. O-O c6 9. Be3 Na6 10. Nd2 Bd7 11. a3 c5 12. Rb1 b6 13. b4 cxb4 14. axb4 Ng4 15. Bxg4 Bxg4 16. Qxg4 Bxc3 17. b5 Bxd2 18. Bxd2 Nc5 19. Bc3 Qc8 20. Qf4 Na4 21. Bd2 Qxc4 22. Rb4 Qa2 23. e5 Nc5 24. exd6 Nd3 25. Qh6 Nxb4 26. Bc3 f6 27. dxe7 Nxd5 28. exf8=Q+ Rxf8 29. Ba1 Qc4 30. h4 Qxb5 31. h5 Qd3 32. Re1 Qf5 33. hxg6 hxg6 34. Bb2 b5 35. Bd4 a5 36. Bc5 Rc8 37. Bd6 b4 38. Qd2 b3 39. Be5 Rd8 40. Bb2 a4 41. Qa5 Rd7 42. Qb5 Kf7 0-1


[Site "https://www.chess.com"]

[Event "Titled Tuesday Blitz October 25 Late 2022"]
[White "Ismayil, Malak"]
[Black "Petrovic, Aleksa"]
[WhiteFideId "13412604"]
[BlackFideId "967629"]
[WhiteElo "1879"]
[BlackElo "2242"]
[Result "0-1"]
[Round "09"]
[TimeControl "180+1"]
[Date "2022.10.26"]
[WhiteClock "0:00:06"]
[BlackClock "0:00:23"]

1. e4 e6 2. d4 d5 3. Nd2 a6 4. Bd3 c5 5. exd5 exd5 6. dxc5 Bxc5 7. Nb3 Bb6 8. Ne2 Nf6 9. O-O h6 10. h3 O-O 11. Nbd4 Nc6 12. c3 Ne4 13. Bxe4 Nxd4 14. Nxd4 dxe4 15. Nc2 Qh4 16. Be3 Bc7 17. f4 Bxh3 18. gxh3 Qg3+ 19. Kh1 Qxh3+ 20. Kg1 Qg3+ 21. Kh1 Qh3+ 22. Kg1 Qg3+ 23. Kh1 Rad8 24. Qe2 Rd5 25. Rf2 Rfd8 26. Rg1 Qh4+ 27. Rh2 Qf6 28. Bd4 Qxf4 29. Rxg7+ Kf8 30. Rgg2 Rf5 31. Ne3 Rg5 32. Rxg5 hxg5 33. Rh8+ Ke7 34. Rxd8 Qh4+ 35. Kg1 Qg3+ 36. Kf1 Qh3+ 37. Qg2 Qxg2+ 38. Kxg2 Bxd8 39. Nf5+ Ke6 40. Ne3 f5 41. Nc4 f4 42. Kf2 g4 43. Ke2 f3+ 44. Kf2 Bh4+ 45. Ke3 f2 46. Nd2 g3 47. Kxe4 g2 48. Bxf2 Bxf2 49. Nf3 g1=Q 50. Nxg1 Bxg1 51. Kd3 Kd5 52. c4+ Kc5 53. Kc3 a5 54. a3 a4 55. Kd3 Bd4 0-1


[Site "https://www.chess.com"]

[Event "Titled Tuesday Blitz October 25 Late 2022"]
[White "Jimenez Almeida, Luis David"]
[Black "Thomforde-Toates, Noah"]
[WhiteFideId "22242244"]
[BlackFideId "30951992"]
[WhiteElo "2158"]
[BlackElo "2651"]
[Result "0-1"]
[Round "09"]
[TimeControl "180+1"]
[Date "2022.10.26"]
[WhiteClock "0:00:14"]
[BlackClock "0:00:27"]

1. d4 Nf6 2. Nf3 g6 3. Bg5 Bg7 4. Nbd2 d5 5. e3 O-O 6. b4 Nbd7 7. Be2 c6 8. c3 Re8 9. O-O e5 10. a4 e4 11. Ne1 Nf8 12. c4 Ne6 13. Bh4 h5 14. Bg3 Nd7 15. h3 h4 16. Bh2 Qg5 17. b5 Nf6 18. bxc6 bxc6 19. c5 Nh5 20. Kh1 f5 21. Nb3 f4 22. Bxh5 gxh5 23. Na5 Ba6 24. Rg1 fxe3 25. fxe3 Qxe3 26. Nxc6 Nxd4 27. Nb4 Bc4 28. Qxh5 Ne2 29. Nxd5 Bxd5 30. Qxd5+ Kh8 31. Rd1 Nxg1 32. Qh5+ Qh6 33. Qxh6+ Bxh6 34. Kxg1 Rad8 35. Bd6 e3 36. Rd4 Bg5 37. Rg4 Bf6 38. Rg6 Re6 39. Kf1 e2+ 40. Kf2 Bd4+ 0-1


[Site "https://www.chess.com"]